 Dungeon Crawl Stone Soup version 0.13-a0-2979-gb6a86b3 (webtiles) character file.

7424 NoamChomsky the Hoplite (level 10, -1/96 HPs)
             Began as a Minotaur Fighter on Sept 7, 2013.
             Was a Priest of Okawaru.
             Slain by an orc warrior
             ... wielding a +0,+0 orcish trident
             ... led by an orc knight
              (12 damage)
             ... on Level 2 of the Orcish Mines.
             The game lasted 01:35:36 (13322 turns).

NoamChomsky the Hoplite (Minotaur Fighter)         Turns: 13322, Time: 01:35:36

HP  -1/96        AC 25     Str 25      XL: 10   Next: 71%
MP   1/3         EV  7     Int  5      God: Okawaru [***...]
Gold 821         SH 28     Dex  9      Spells:  0 memorised,  9 levels left

Res.Fire  : . . .   See Invis. : .   v - +3,+0 scimitar (protect)
Res.Cold  : . . .   Warding    : .   w - +0 orc plate armour
Life Prot.: . . .   Conserve   : .   c - +0 shield
Res.Poison: .       Res.Corr.  : .   (helmet restricted)
Res.Elec. : .       Clarity    : +   (no cloak)
Sust.Abil.: . .     Spirit.Shd : .   (no gloves)
Res.Mut.  : .       Stasis     : .   r - +2 pair of boots
Res.Rott. : .       Flight     : .   p - amulet of rage
Saprovore : . . .                    (no ring)
                                     (no ring)

@: heroism, somewhat resistant to hostile enchantments, extremely unstealthy
A: retaliatory headbutt, horns 2, clarity, herbivore 1, +10% hp
a: Heroism, Renounce Religion, Evoke Berserk Rage


You were on level 2 of the Orcish Mines.
You worshipped Okawaru.
Okawaru was greatly pleased with you.
You were not hungry.

You visited 3 branches of the dungeon, and saw 11 of its levels.
You visited the Abyss 1 time.

You collected 801 gold pieces.

Inventory:

Hand weapons
 i - a +2,+1 sabre
 k - a -1,+1 orcish scimitar
 l - a +1,+1 bow
 v - a +3,+0 scimitar of protection (weapon)
Missiles
 m - 7 arrows (quivered)
Armour
 c - a +0 shield (worn)
 r - a +2 pair of boots (worn)
 w - a +0 orcish plate armour (worn)
Comestibles
 t - 3 bread rations
 u - a meat ration
 x - a choko
Scrolls
 a - a scroll of identify
 f - a scroll of magic mapping
 g - 2 scrolls of remove curse
 n - 2 scrolls of fear
 y - a scroll of teleportation
Jewellery
 p - an amulet of rage (around neck)
Potions
 e - a potion of agility
 j - a potion of curing
Books
 b - a book of Maledictions

   Spells                             Type                      Level
   Corona                             Hexes                        1
   Sure Blade                         Hexes/Charms                 2
   Ensorcelled Hibernation            Hexes/Ice                    2
   Confuse                            Hexes                        3
   Enslavement                        Hexes                        4
   Invisibility                       Hexes                        6
 h - a Necronomicon {highlevel}

   This book is beyond your current level of understanding.

   Spells                             Type                      Level
   Borgnjor's Revivification          Necromancy                   7
   Haunt                              Necromancy/Summoning         7
   Death's Door                       Charms/Necromancy            8
   Necromutation                      Transmutation/Necromancy     8
 o - a book of Debilitation

   Spells                             Type                      Level
   Corona                             Hexes                        1
   Slow                               Hexes                        2
   Inner Flame                        Hexes/Fire                   3
   Enslavement                        Hexes                        4
   Cause Fear                         Hexes                        4
   Leda's Liquefaction                Hexes/Earth                  4
 s - a book of Summonings

   Spells                             Type                      Level
   Abjuration                         Summoning                    3
   Recall                             Summoning/Translocation      3
   Summon Elemental                   Summoning                    4
   Shadow Creatures                   Summoning                    5
   Summon Demon                       Summoning                    5
   Summon Ugly Thing                  Summoning                    6


   Skills:
 + Level 9.8(14.8) Fighting
 + Level 9.8(14.8) Long Blades
 + Level 10.0(15.0) Armour
 + Level 5.4(10.4) Dodging
 - Level 0.6(5.6) Stealth
 + Level 10.0(15.0) Shields


You had 9 spell levels left.
You didn't know any spells.

Dungeon Overview and Level Annotations

Branches:
Dungeon (7/27)             Temple (1/1) D:5             Orc (3/4) D:7
    Elf: Orc:3-4

Altars:
Cheibriados
Elyvilon
Kikubaaqudgha
Makhleb
Okawaru
Yredelemnul
Zin


Innate Abilities, Weirdness & Mutations

You reflexively headbutt those who attack you in melee.
You have a pair of horns on your head.
You possess an exceptional clarity of mind.
You digest meat inefficiently.
You are robust (+10% HP).


Message History

The warg barely misses you. You furiously retaliate!
You headbutt the warg. The warg claws you but does no damage.
The warg barely misses you. You furiously retaliate!
You headbutt the warg, but do no damage.
You block the warg's attack. The warg claws you but does no damage.
You block the orc's attack.
The orc warrior hits you from afar with an orcish trident!
* * * LOW HITPOINT WARNING * * *
You block the orc's attack.
Use which ability? (? or * to list)
You gain the combat prowess of a mighty hero.
You feel slightly more hungry.
The orc hits you with an orcish falchion.
* * * LOW HITPOINT WARNING * * *
You slash the orc!
You kill the orc!
Okawaru accepts your kill. You block the orc warrior's attack.
The orc warrior hits you with an orcish trident!
You die...

### ###.# ###
##....##.#####
#....##...##.##
#....##.oo@..#
#..#.##.##h##
##.....o..## ## ##
####.....h....##.##
##.##.###..#...#......#
#......#.............#
##.#........>........#
##........#......#.##
##.#...............##


You could see an orc warrior (frenzied), a warg and an orc.

Vanquished Creatures
  Erolcha (Orc:1)
  Pikel (D:7)
  An orc knight (Orc:1)
  A troll (Orc:1)
  A hill giant zombie (D:7)
  Eustachio (D:7)
  3 hungry ghosts (D:7)
  A hippogriff (D:7)
  The ghost of profreshinal the Grave Robber, an average DjNe (D:6)
  An ice beast (D:5)
  9 orc warriors
  5 ogres
  A warg (Orc:2)
  A centaur (D:7)
  2 giant frogs
  3 troll zombies (D:7)
  4 wights (D:7)
  6 killer bees (D:7)
  2 vampire bats (D:6)
  4 crimson imps
  2 centaur skeletons (D:7)
  A goliath beetle (D:6)
  A giant frog zombie (D:7)
  9 orc priests
  A jelly (D:6)
  13 orc wizards
  A hound (D:4)
  2 iguanas (D:4)
  4 worker ants
  2 scorpions
  6 ogre zombies
  A hound skeleton (D:6)
  7 adders
  A green rat (D:7)
  A steam dragon skeleton (D:7)
  A giant mite (D:4)
  An inept item mimic (D:2)
  3 white imps (D:7)
  7 worms
  3 ufetubi (D:7)
  A grey rat (D:7)
  70 orcs
  A ball python (D:2)
  A bat skeleton (D:7)
  15 goblins
  15 hobgoblins
  8 jackals
  13 bats
  4 giant cockroaches
  6 giant geckos
  3 giant newts
  A giant spore (D:6)
  6 goblin zombies (D:7)
  2 hobgoblin skeletons (D:7)
  7 hobgoblin zombies (D:7)
  14 kobolds
  2 orc skeletons (D:7)
  8 orc zombies (D:7)
  3 quokkas
  A quokka skeleton (D:4)
  16 rats
  A rat zombie (D:6)
  17 ballistomycetes
  A plant (D:5)
332 creatures vanquished.

Vanquished Creatures (others)
  An orc warrior (D:6)
  A scorpion (D:7)
  A worker ant (D:7)
  A hound zombie (D:7)
  2 hobgoblins (D:7)
  A giant gecko (D:7)
  2 giant spores
9 creatures vanquished.

Grand Total: 341 creatures vanquished

Notes
Turn   | Place    | Note
--------------------------------------------------------------
     0 | D:1      | NoamChomsky, the Minotaur Fighter, began the quest for the Orb.
     0 | D:1      | Reached XP level 1. HP: 19/19 MP: 0/0
   206 | D:1      | Reached XP level 2. HP: 26/26 MP: 0/0
   810 | D:2      | Reached skill level 4 in Shields
   817 | D:2      | Reached XP level 3. HP: 27/33 MP: 1/1
  1826 | D:2      | Reached XP level 4. HP: 35/40 MP: 1/1
  2292 | D:3      | Reached skill level 1 in Dodging
  2357 | D:3      | Reached XP level 5. HP: 18/46 MP: 1/1
  2969 | D:3      | Gained mutation: You possess an exceptional clarity of mind. [potion of mutation]
  2969 | D:3      | Gained mutation: You are robust (+10% HP). [potion of mutation]
  2969 | D:3      | Gained mutation: You digest meat inefficiently. [potion of mutation]
  3458 | D:4      | Reached skill level 5 in Shields
  3459 | D:4      | Reached XP level 6. HP: 56/58 MP: 2/2
  4547 | D:5      | Entered Level 5 of the Dungeon
  4547 | D:5      | Found a staircase to the Ecumenical Temple.
  4588 | Temple   | Entered the Ecumenical Temple
  4612 | Temple   | Became a worshipper of Warmaster Okawaru
  4843 | D:5      | Reached skill level 5 in Long Blades
  4976 | D:5      | Reached XP level 7. HP: 66/66 MP: 2/2
  5050 | D:5      | Reached skill level 5 in Armour
  5546 | D:6      | Noticed profreshinal's ghost (average DjNe)
  5557 | D:6      | Killed profreshinal's ghost
  5557 | D:6      | Reached skill level 5 in Fighting
  5658 | D:6      | Reached skill level 6 in Shields
  6378 | D:6      | Acquired Okawaru's first power
  6415 | D:6      | Reached XP level 8. HP: 27/75 MP: 2/2
  6965 | D:6      | Reached skill level 7 in Shields
  8199 | D:7      | Reached XP level 9. HP: 67/84 MP: 3/3
  8552 | D:7      | Reached skill level 8 in Shields
  8574 | D:7      | Found a staircase to the Orcish Mines.
  8930 | D:7      | Noticed Eustachio
  8984 | D:7      | Killed Eustachio
  9058 | D:7      | Reached skill level 9 in Shields
  9178 | D:7      | Noticed Pikel
  9204 | D:7      | Killed Pikel
  9204 | D:7      | Reached XP level 10. HP: 86/94 MP: 3/3
  9791 | Orc:1    | Entered Level 1 of the Orcish Mines
  9810 | Orc:1    | Cast into the Abyss (orc warrior)
  9901 | Abyss:1  | Noticed a wretched star
  9917 | Orc:1    | Escaped the Abyss
 10452 | Orc:1    | Noticed an orc knight
 10497 | Orc:1    | HP: 2/94 [orc knight/uncursed orcish battleaxe (12)]
 10900 | Orc:1    | Killed an orc knight
 11025 | Orc:1    | Noticed Erolcha
 11039 | Orc:1    | Killed Erolcha
 11844 | Orc:2    | Noticed an orc high priest
 11872 | Orc:1    | Reached skill level 5 in Dodging
 12672 | Orc:2    | Noticed a soul eater
 12675 | Orc:2    | Noticed a soul eater
 12694 | Orc:1    | Reached skill level 10 in Shields
 13106 | Orc:2    | Reached skill level 10 in Armour
 13300 | Orc:3    | Noticed an orc knight
 13322 | Orc:2    | Slain by an orc warrior

Action                   |  1- 3 |  4- 6 |  7- 9 | 10-12 || total
-------------------------+-------+-------+-------+-------++-------
Melee: Falchion          |   130 |   258 |    49 |       ||   437
       Scimitar          |       |       |   522 |   333 ||   855
Invok: Heroism           |       |       |     4 |    10 ||    14
  Use: Scroll            |       |    10 |     8 |     5 ||    23
       Potion            |       |     7 |     5 |     7 ||    19
